 Dungeon Crawl Stone Soup version 0.26.1-11-gd32895ea62 (webtiles) character file.

Game seed: 11491450790742137694

2790 Tirrikindir the Carver (level 9, -3/58 HPs)
             Began as an Octopode Fighter on June 2, 2021.
             Was a Priest of Okawaru.
             Slain by a wolf (9 damage)
             ... led by Grum
             ... on level 8 of the Dungeon.
             The game lasted 00:19:49 (11222 turns).

Tirrikindir the Carver (Octopode Fighter)          Turns: 11222, Time: 00:19:50

Health: -3/58      AC:  1    Str: 14 (16) XL:     9   Next: 71%
Magic:  10/12      EV: 17    Int: 17      God:    Okawaru [***...]
Gold:   519        SH: 13    Dex: 13      Spells: 11/12 levels left

rFire    + . .     SeeInvis .   q - +2 long sword (vorpal)
rCold    . . .     Faith    .   b - +2 kite shield
rNeg     . . .     Spirit   .   (helmet restricted)
rPois    .         Reflect  .   (no amulet)
rElec    .         Harm     .   i - +6 ring of intelligence
rCorr    .         Rampage  .   (no ring)
Will     .....                  (no ring)
Stlth    +++++.....             (no ring)
HPRegen  0.19/turn              (no ring)
MPRegen  0.13/turn              (no ring)
                                (no ring)
                                (no ring)

@: about to teleport, heroism
A: almost no armour, stealthy swim, amphibious, 8 rings, constrict 8, camouflage
1, deterioration 1, fire resistance 1, gelatinous body 1, MP-powered wands
a: Renounce Religion, Heroism


You were on level 8 of the Dungeon.
You worshipped Okawaru.
Okawaru was most pleased with you.
You visited 2 branches of the dungeon, and saw 9 of its levels.
You also visited: Sewer.

You collected 519 gold pieces.

Inventory:

Hand Weapons
 g - a +0 short sword
 q - a +2 vorpal long sword (weapon)
Missiles
 o - 21 boomerangs (quivered)
Armour
 b - a +2 kite shield (worn)
Jewellery
 a - an uncursed ring of ice
 i - a +6 ring of intelligence (left tentacle)
Wands
 n - a wand of iceblast (9)
 p - a wand of acid (9)
Scrolls
 d - 6 scrolls of remove curse
 j - 3 scrolls of magic mapping
 l - 3 scrolls of teleportation
Potions
 c - a potion of might
 e - 8 potions of curing
 f - 2 potions of cancellation
 h - a potion of ambrosia
 k - 3 potions of magic
 m - a potion of degeneration {unknown}
 r - a potion of heal wounds {unknown}
 s - a potion of berserk rage {unknown}


   Skills:
 + Level 4.3(9.3) Fighting
 * Level 8.3(13.3) Long Blades
 * Level 4.6(9.6) Dodging
 + Level 4.7(9.7) Stealth
 * Level 4.6(9.6) Shields
 - Level 2.0 Spellcasting
 - Level 4.0 Hexes
 + Level 5.2 Invocations
 + Level 2.6 Evocations


You had 11 spell levels left.
You knew the following spells:

 Your Spells              Type           Power        Failure   Level
a - Corona                Hex            16%          8%          1

Your spell library contained the following spells:

 Spells                   Type           Power        Failure   Level
 Slow                     Hex            15%          11%         2
 Freeze                   Ice            4%           36%         1
 Inner Flame              Hex/Fire       8%           45%         3
 Portal Projectile        Hex/Tloc       16%          45%         3
 Cause Fear               Hex            7%           58%         4
 Frozen Ramparts          Ice            2%           75%         3
 Ozocubu's Armour         Ice            1%           75%         3
 Leda's Liquefaction      Hex/Erth       4%           86%         4
 Hailstorm                Conj/Ice       1%           98%         4
 Summon Ice Beast         Ice/Summ       1%           98%         4


Dungeon Overview and Level Annotations

Branches:
Dungeon (8/15)             Temple (1/1) D:4           Sewer (visited)
   Lair: D:8-11

Altars:
Ashenzari
Cheibriados
Dithmenos
Elyvilon
Fedhas
Gozag
Kikubaaqudgha
Makhleb
Nemelex Xobeh
Okawaru
Qazlal
Ru
Sif Muna
Trog
Uskayaw
Vehumet
Wu Jian
Xom
Yredelemnul
Zin
The Shining One

Shops:
D:4 [*!!}   D:7 (


Innate Abilities, Weirdness & Mutations

You cannot wear most types of armour.
You are very stealthy in the water. (Stealth+)
You are amphibious.
You can wear up to eight rings at the same time.
You can use your tentacles to constrict eight enemies at once.
Your skin changes colour to match your surroundings (Stealth+).
Your rubbery body absorbs attacks. (AC +1, EV +1)
Your body sometimes deteriorates upon taking damage.
Your flesh is heat resistant. (rF+)
You expend magic power (3 MP) to strengthen your wands.


Message History

Grum is heavily wounded.
You constrict Grum, but do no damage. You block the wolf's attack.
The scorpion misses you.
As you read the scroll of teleportation, it crumbles to dust.
You feel strangely unstable.
You constrict Grum, but do no damage. The wolf bites you.
* * * LOW HITPOINT WARNING * * *
Grum hits you with a +0 spear.
* * * LOW HITPOINT WARNING * * *
You block the wolf's attack. The scorpion barely misses you.
You hit Grum. Your squeeze misses Grum.
Grum is severely wounded.
You constrict Grum. You block the wolf's attack. You block Grum's attack.
You hit Grum.
Grum is almost dead.
You constrict Grum.
You kill Grum!
Okawaru accepts your kill. The wolf bites you!
You die...

.. .. #. .# ### #.###.# .. ..
#.....# .... .#. ..#..
....###.#.###(#h###.# ..
.......#....s#h....# ...
#.......)#..@h.#
....#....###†#.###.#
....#........#..l. #
....#...........#
....###.....###.#
......#..#......#
......'..#B.................
......#..#................. .
......##+#########..#.....#+##..


You could see 3 wolves and a scorpion.

Vanquished Creatures
  Grum (D:8)
  An ice beast (D:5)
  A black bear (D:8)
  A phantom (D:6)
  A sky beast (D:7)
  An ogre (D:6)
  A wolf (D:8)
  A centaur (D:7)
  4 bullfrogs
  A water moccasin zombie (D:5)
  A scorpion (D:8)
  10 killer bees (D:7)
  6 wights (D:7)
  2 howler monkeys
  A bullfrog zombie (D:6)
  A jelly (D:5)
  2 orc priests
  A centaur skeleton (D:5)
  2 hounds (D:7)
  Crazy Yiuf (D:5)
  A bullfrog skeleton (D:5)
  4 orc wizards
  Jessica (D:2)
  Natasha (thrice) (D:2)
  2 iguanas
  6 worker ants
  Terence (D:3)
  2 hound zombies
  A worker ant zombie (D:6)
  Robin (D:2)
  A gnoll (D:8)
  9 adders
  A shadow imp (D:6)
  A white imp (D:7)
  2 ufetubi (D:6)
  3 oozes
  3 adder skeletons
  5 worms
  A dart slug (D:1)
  3 leopard geckos
  23 orcs
  12 giant cockroaches
  14 goblins
  19 hobgoblins
  6 jackals
  6 kobolds
  5 quokkas
  6 ball pythons
  8 bats
  13 frilled lizards
  A jackal zombie (D:8)
  2 quokka skeletons
  A quokka zombie (D:7)
  6 rats
213 creatures vanquished.

Vanquished Creatures (others)
  5 plants (D:3)
5 creatures vanquished.

Grand Total: 218 creatures vanquished

Notes
Turn   | Place    | Note
-------+----------+-------------------------------------------
     0 | D:1      | Tirrikindir the Octopode Fighter began the quest for the
                  | Orb.
     0 | D:1      | Reached XP level 1. HP: 16/16 MP: 1/1
   472 | D:1      | Reached XP level 2. HP: 21/21 MP: 2/2
   570 | D:1      | Reached skill level 1 in Stealth
   723 | D:1      | Reached XP level 3. HP: 26/26 MP: 3/3
   860 | D:2      | Noticed Robin
   873 | D:2      | Killed Robin
  1173 | D:2      | Noticed Jessica
  1175 | D:2      | Noticed Natasha
  1180 | D:2      | Killed Jessica
  1181 | D:2      | Reached skill level 3 in Long Blades
  1181 | D:2      | Reached XP level 4. HP: 30/31 MP: 4/4
  1188 | D:2      | Killed Natasha
  1308 | D:2      | Noticed Natasha
  1316 | D:2      | Killed Natasha
  1317 | D:2      | Reached XP level 5. HP: 28/36 MP: 5/5
  1570 | D:2      | Noticed Natasha
  1583 | D:2      | Killed Natasha
  1654 | D:2      | Gained mutation: Your body sometimes deteriorates upon
                  | taking damage. [potion of mutation]
  1654 | D:2      | Gained mutation: Your muscles are strong. (Str +2) [potion
                  | of mutation]
  2219 | D:3      | Found a glowing drain.
  2245 | Sewer    | Entered a sewer
  2560 | Sewer    | Reached XP level 6. HP: 32/43 MP: 6/6
  2947 | D:3      | Reached skill level 4 in Long Blades
  3239 | D:3      | Noticed Terence
  3245 | D:3      | Killed Terence
  3614 | D:3      | Found an iron altar of Okawaru.
  3629 | D:3      | Became a worshipper of Warmaster Okawaru
  3718 | D:4      | Found Curr's Armour Boutique.
  4062 | D:4      | Reached XP level 7. HP: 34/48 MP: 7/7
  4179 | D:4      | Found Hunall's Gadget Boutique.
  4199 | D:4      | Reached skill level 1 in Invocations
  4199 | D:4      | Reached skill level 1 in Evocations
  4825 | D:4      | Found a staircase to the Ecumenical Temple.
  4855 | D:4      | Found Bavvemox's Distillery.
  4856 | D:4      | Found Laycot's Distillery.
  4923 | D:4      | Found Wokayshre's General Store.
  5204 | D:5      | Entered Level 5 of the Dungeon
  5217 | D:5      | Reached skill level 5 in Long Blades
  5230 | D:5      | Found a runed translucent door.
  5231 | D:5      | Noticed Crazy Yiuf
  5238 | D:5      | Killed Crazy Yiuf
  5553 | Temple   | Entered the Ecumenical Temple
  6370 | D:5      | Reached * piety under Okawaru
  6762 | D:5      | Reached skill level 6 in Long Blades
  6762 | D:5      | Reached XP level 8. HP: 50/54 MP: 10/10
  6936 | D:6      | Found Analeugh's General Store.
  7026 | D:6      | Learned a level 1 spell: Corona
  7182 | D:6      | Lost mutation: Your muscles are strong. (Str +2) [potion of
                  | mutation]
  7182 | D:6      | Lost mutation: Your body sometimes deteriorates upon taking
                  | damage. [potion of mutation]
  7182 | D:6      | Gained mutation: Your body sometimes deteriorates upon
                  | taking damage. [potion of mutation]
  7182 | D:6      | Gained mutation: Your flesh is heat resistant. (rF+)
                  | [potion of mutation]
  7182 | D:6      | Gained mutation: You expend magic power (3 MP) to
                  | strengthen your wands. [potion of mutation]
  7431 | D:6      | Reached skill level 1 in Hexes
  7543 | D:6      | Reached skill level 1 in Spellcasting
  8284 | D:6      | Reached skill level 7 in Long Blades
  8288 | D:6      | Reached ** piety under Okawaru
  9016 | D:7      | Found Yllobilo's Weapon Boutique.
  9314 | D:7      | Reached XP level 9. HP: 52/58 MP: 12/12
  9488 | D:7      | Reached skill level 8 in Long Blades
  9488 | D:7      | Reached skill level 5 in Invocations
 10364 | D:7      | Reached *** piety under Okawaru
 10873 | D:8      | Noticed Grum
 11222 | D:8      | Killed Grum
 11222 | D:8      | Slain by a wolf

Illustrated notes

Levels and vault maps discovered:
D:1:      dpeg_arrival_houses_and_road, layout_loops_ring
D:2:      layout_basic, grunt_decor_fettered, minmay_door_square, uniq_jessica,
          uniq_robin, uniq_natasha
D:3:      corexii_shack_village, layout_loops_ring, gup_sewer_entry_glass,
          serial_bayou, serial_bayou_pond_e, okawaru_metal_pillars_1_2,
          uniq_terence
D:4:      layout_gridville, minmay_temple_entry_from_below_a, serial_shops,
          shop, nicolae_shop_trees, shop_fountains, shop, shop_fountains,
          minmay_misc_feat_ornament
D:5:      layout_rooms, feat_on_display, uniq_crazy_yiuf_cottage
D:6:      layout_basic, serial_shops, shop, serial_rivers,
          chequers_serial_rivers_micro_a, chequers_serial_rivers_marsh,
          chequers_serial_rivers_room_b, chequers_serial_rivers_micro_c,
          chequers_serial_rivers_room_b, chequers_serial_rivers_micro_b
D:7:      layout_basic, serial_shops, shop, supply_closet_lemuel,
          serial_park_tiny_1, hex_tiny, chequers_serial_rivers_micro_d
D:8:      hangedman_cross_stitches, layout_gridville, uniq_grum
Temple:   nicolae_temple_the_god_donut

Skill      XL: |  1  2  3  4  5  6  7  8  9 |
---------------+----------------------------+-----
Stealth        | 1 2 3 4 |  4.7
Long Blades    | 3 4 6 7 8 |  8.3
Fighting       | 4 |  4.3
Dodging        | 4 |  4.6
Shields        | 4 |  4.6
Invocations    | 2 4 5 |  5.2
Evocations     | 2 |  2.6
Hexes          | 2 4 |  4.0
Spellcasting   | 2 |  2.0

Action                   |  1- 3 |  4- 6 |  7- 9 || total
-------------------------+-------+-------+-------++-------
Melee: Long sword        |    52 |   147 |   267 ||   466
       Constrict         |    21 |    42 |    61 ||   124
       Tentacles         |    15 |    25 |    58 ||    98
       Punch             |       |       |     2 ||     2
Throw: Dart              |       |     4 |       ||     4
       Boomerang         |       |       |     7 ||     7
 Cast: Corona            |       |       |     3 ||     3
Invok: Heroism           |       |       |     5 ||     5
Evoke: Wand              |       |       |     2 ||     2
  Use: Scroll            |     3 |     8 |     7 ||    18
       Potion            |       |     1 |     4 ||     5
 Stab: Sleeping          |     6 |    15 |    17 ||    38
Armor: Skin              |     3 |     7 |     5 ||    15
Dodge: Dodged            |    24 |    44 |    92 ||   160
Block: Kite shield       |    31 |    65 |   148 ||   244
       Rpst.: Long sword |     8 |     8 |    24 ||    40
